 Dungeon Crawl Stone Soup version 0.29.1-2-gbd0b4ee654 (webtiles) character file.

Game seed: 793411375263121002

84 Kranky the Cleaver (level 4, -2/32 HPs)
             Began as a Gnoll Wanderer on Nov 20, 2022.
             Slain by an orc
             ... wielding a +0 whip
              (3 damage)
             ... on level 3 of the Dungeon.
             The game lasted 00:03:25 (1810 turns).

Kranky the Cleaver (Gnoll Wanderer)                 Turns: 1810, Time: 00:03:26

Health: -2/32      AC:  5    Str: 19    XL:     4   Next: 45%
Magic:  8/8        EV: 10    Int:  8    God:
Gold:   80         SH:  0    Dex:  9    Spells: 9/9 levels left

rFire   . . .      SeeInvis .   p - +2 dagger (vamp)
rCold   . . .      Faith    .   (no shield)
rNeg    . . .      Spirit   .   m - +0 ring mail
rPois   +          Reflect  .   (no helmet)
rElec   .          Harm     .   (no cloak)
rCorr   .          Rampage  .   (no gloves)
Will    .....                   (no boots)
Stlth   +.........              (no amulet)
HPRegen 0.10/turn               h - ring of poison resistance
MPRegen 0.11/turn               (no ring)

@: no status effects
A: fangs 1, strong nose, distributed training
a: no special abilities


You were on level 3 of the Dungeon.
You visited 1 branch of the dungeon, and saw 3 of its levels.

You collected 80 gold pieces.

Inventory:

Hand Weapons
 a - a +2 hand axe
 p - a +2 vampiric dagger (weapon)
Armour
 d - a +0 leather armour
 m - a +0 ring mail (worn)
Jewellery
 h - a ring of poison resistance (left hand)
Wands
 c - a wand of flame (2) (quivered)
Scrolls
 b - 2 scrolls of silence
 f - a scroll of magic mapping {unknown}
 g - 2 scrolls of teleportation {unknown}
 j - a scroll of noise {unknown}
 k - a scroll of butterflies {unknown}
 l - a scroll of identify {unknown}
Potions
 e - a potion of magic {unknown}
 i - 3 potions of curing {unknown}
 n - a potion of flight {unknown}
 o - a potion of heal wounds {unknown}
 q - 2 potions of brilliance {unknown}


   Skills:
 + Level 1.2 Fighting
 + Level 1.2 Short Blades
 + Level 1.2 Long Blades
 + Level 8.6 Axes
 + Level 1.2 Maces & Flails
 + Level 1.2 Polearms
 + Level 1.2 Staves
 + Level 1.2 Ranged Weapons
 + Level 1.2 Throwing
 + Level 1.2 Armour
 + Level 1.2 Dodging
 + Level 1.2 Stealth
 + Level 1.2 Shields
 + Level 6.6 Unarmed Combat
 + Level 3.0 Spellcasting
 + Level 1.0 Conjurations
 + Level 1.0 Hexes
 + Level 1.0 Summonings
 + Level 1.0 Necromancy
 + Level 1.0 Translocations
 + Level 1.0 Transmutations
 + Level 1.0 Fire Magic
 + Level 1.0 Ice Magic
 + Level 1.0 Air Magic
 + Level 1.0 Earth Magic
 + Level 1.0 Poison Magic
 + Level 1.3 Invocations
 + Level 4.6 Evocations


You had 9 spell levels left.
You didn't know any spells.
Your spell library was empty.

Dungeon Overview and Level Annotations

Branches:
Dungeon (3/15)

Altars:


Innate Abilities, Weirdness & Mutations

You have very sharp teeth.
Your uncanny sense of smell can sniff out nearby items.
Your experience applies equally to all skills.


Message History

The orc attacks as you move away! The orc hits you with a +0 whip.
You feel sick. The orc attacks as you move away! The orc misses you.
You feel sick.
You feel sick.
You feel sick.
You feel sick.
You are no longer poisoned.
The orc attacks as you move away! The orc hits you but does no damage.
The orc attacks as you move away! The orc hits you with a +0 whip.
* * * LOW HITPOINT WARNING * * *
The orc attacks as you move away! The orc closely misses you.
Things that are here:
a +0 dagger; a kobold corpse The orc attacks as you move away!
The orc closely misses you.
You see here a hobgoblin corpse.
The orc attacks as you move away! The orc hits you with a +0 whip.
* * * LOW HITPOINT WARNING * * *
You see here a ball python corpse.
The orc attacks as you move away! The orc barely misses you.
The orc attacks as you move away! The orc hits you but does no damage.
The orc attacks as you move away! The orc completely misses you.
An orc wizard appears from thin air!
Reactivating autopickup.
The orc attacks as you move away! The orc closely misses you.
The orc attacks as you move away! The orc closely misses you.
The orc attacks as you move away! The orc barely misses you.
The orc attacks as you move away! The orc closely misses you.
The orc wizard mumbles some strange words.
The orc wizard flickers and vanishes!
Deactivating autopickup; reactivate with Ctrl-A.
The orc attacks as you move away! The orc completely misses you.
The orc attacks as you move away! The orc barely misses you.
The orc attacks as you move away! The orc hits you with a +0 whip.
* * * LOW HITPOINT WARNING * * *
The orc attacks as you move away! The orc hits you with a +0 whip.
* * * LOW HITPOINT WARNING * * *
The orc attacks as you move away! The orc barely misses you.
The orc attacks as you move away! The orc hits you but does no damage.
The orc attacks as you move away! The orc hits you with a +0 whip.
You die...

#.........#.#.#
#.........#.o.#
#.........#.###
.#.........# #..>......#
#..S....### # #.......#
##.#.######################
#........S.o@.............#
####.###################.##
...# #.# ##### #.# #.# #.#
#.# #.#
###################.#


You could see an orc and a ball python.

Vanquished Creatures
  4 adders
  A worm (D:2)
  An orc (D:3)
  2 bats
  5 endoplasms
  2 giant cockroaches
  7 goblins
  3 hobgoblins
  4 kobolds
  3 quokkas
  3 ball pythons
  3 frilled lizards (D:1)
  2 rats
40 creatures vanquished.

Notes
Turn   | Place    | Note
-------+----------+-------------------------------------------
     0 | D:1      | Kranky the Gnoll Wanderer began the quest for the Orb.
     0 | D:1      | Kranky set off with the following items: a +2 hand axe, 2
                  | scrolls of silence, a wand of flame (7), a +0 leather
                  | armour.
     0 | D:1      | Reached XP level 1. HP: 13/13 MP: 4/4
   288 | D:1      | Reached XP level 2. HP: 20/20 MP: 5/5
   686 | D:1      | Found a faded altar of an unknown god.
   739 | D:2      | Reached XP level 3. HP: 24/25 MP: 7/7
   870 | D:2      | Reached skill level 1 in Invocations
   911 | D:2      | Reached skill level 1 in Fighting
   911 | D:2      | Reached skill level 1 in Short Blades
   911 | D:2      | Reached skill level 1 in Long Blades
   911 | D:2      | Reached skill level 1 in Maces & Flails
   911 | D:2      | Reached skill level 1 in Polearms
   911 | D:2      | Reached skill level 1 in Staves
   911 | D:2      | Reached skill level 1 in Ranged Weapons
   911 | D:2      | Reached skill level 1 in Throwing
   911 | D:2      | Reached skill level 1 in Armour
   911 | D:2      | Reached skill level 1 in Dodging
   911 | D:2      | Reached skill level 1 in Stealth
   911 | D:2      | Reached skill level 1 in Shields
  1508 | D:2      | Reached XP level 4. HP: 28/32 MP: 8/8
  1695 | D:3      | Reached skill level 1 in Conjurations
  1695 | D:3      | Reached skill level 1 in Hexes
  1695 | D:3      | Reached skill level 1 in Summonings
  1695 | D:3      | Reached skill level 1 in Necromancy
  1695 | D:3      | Reached skill level 1 in Translocations
  1695 | D:3      | Reached skill level 1 in Transmutations
  1695 | D:3      | Reached skill level 1 in Fire Magic
  1695 | D:3      | Reached skill level 1 in Ice Magic
  1695 | D:3      | Reached skill level 1 in Air Magic
  1695 | D:3      | Reached skill level 1 in Earth Magic
  1695 | D:3      | Reached skill level 1 in Poison Magic
  1805 | D:3      | HP: 1/32 [orc/+0 whip (6)]
  1810 | D:3      | Slain by an orc

Illustrated notes

Levels and vault maps discovered:
D:1:      minmay_arrival_semitransparent, layout_loops_cross,
          hellmonk_ecumenical_altar_inner_sanctum, supply_closet_lemuel
D:2:      layout_basic
D:3:      layout_basic, st_stairs_12, uniq_terence, uniq_jessica, uniq_ijyb

Skill      XL: |  1  2  3  4 |
---------------+-------------+-----
Invocations    | 1 |  1.3
Fighting       | 1 |  1.2
Short Blades   | 1 |  1.2
Long Blades    | 1 |  1.2
Maces & Flails | 1 |  1.2
Polearms       | 1 |  1.2
Staves         | 1 |  1.2
Ranged Weapons | 1 |  1.2
Throwing       | 1 |  1.2
Armour         | 1 |  1.2
Dodging        | 1 |  1.2
Stealth        | 1 |  1.2
Shields        | 1 |  1.2
Spellcasting   | 3 |  3.0
Conjurations   | 1 |  1.0
Hexes          | 1 |  1.0
Summonings     | 1 |  1.0
Necromancy     | 1 |  1.0
Translocations | 1 |  1.0
Transmutations | 1 |  1.0
Fire Magic     | 1 |  1.0
Ice Magic      | 1 |  1.0
Air Magic      | 1 |  1.0
Earth Magic    | 1 |  1.0
Poison Magic   | 1 |  1.0
Axes           | |  8.6
Unarmed Combat | |  6.6
Evocations     | |  4.6

Action                   |  1- 3 |  4- 6 || total
-------------------------+-------+-------++-------
Melee: Hand axe          |    73 |     7 ||    80
       Bite              |     9 |     4 ||    13
       Punch             |     6 |       ||     6
       Dagger            |       |    19 ||    19
Evoke: Wand              |     5 |       ||     5
Armor: Leather armour    |    13 |       ||    13
       Ring mail         |     4 |    12 ||    16
Dodge: Dodged            |    30 |    24 ||    54
